 Dungeon Crawl Stone Soup version 0.31-a0-175-g9f7f995f2b (webtiles) character file.

Game seed: 5146765100364758143

28020 olmar the Protected (level 13, -9/120 HPs)
             Began as an Armataur Fighter on June 17, 2023.
             Was an Initiate of Gozag.
             Mangled by an orc warrior
             ... wielding a +0 glaive
             ... led by an orc warlord
              (24 damage)
             ... on level 2 of the Orcish Mines.
             The game lasted 00:22:04 (18436 turns).

olmar the Protected (Armataur Fighter)             Turns: 18436, Time: 00:22:05

Health: -9/120     AC: 28    Str: 31    XL:     13   Next: 7%
Magic:  13/13      EV:  3    Int:  6    God:    Gozag
Gold:   1643       SH: 10    Dex:  9    Spells: 12/12 levels left

rFire   + . .        N - +3 flail (freeze)
rCold   + . .        a - +1 kite shield {reflect}
rNeg    + + +        r - +3 plate armour "Exys" {rPois rN+ rCorr Slay+3}
rPois   +            (no helmet)
rElec   +            Y - scarf "Kutett" {rC+ rF+, rElec Str+5 Int-4}
rCorr   +            K - +2 pair of gloves {Stlth+}
SInv    .            J - +1 barding {Stlth+}
Will    +....        W - amulet of Mistrust {Acrobat rN++} Stlth
                     E - ring of poison resistance
HPRegen 0.40/turn    F - ring of willpower
MPRegen 0.13/turn

%: reflection, acrobat, roll
@: gold aura
A: large, rugged brown scales 3, deformed body, armoured tail, roll, long
tongue, awkward tongue
a: Renounce Religion, Potion Petition, Call Merchant, Bribe Branch


You were on level 2 of the Orcish Mines.
You worshipped Gozag.
Gozag was most pleased with you.
You visited 3 branches of the dungeon, and saw 16 of its levels.
You also visited: Ossuary and Gauntlet.

You collected 4760 gold pieces.
You spent 1304 gold pieces at shops.
You paid 1813 gold pieces to Gozag.

Inventory:

Hand Weapons
 N - a +3 flail of freezing (weapon)
 X - a +2 heavy great mace
Missiles
 l - 22 poisoned darts
 o - 3 throwing nets
Armour
 a - a +1 kite shield of reflection (worn)
 r - the +3 plate armour "Exys" (worn) {rPois rN+ rCorr Slay+3}
   (You found it on level 2 of the Dungeon)

   Slay:      It affects your accuracy & damage with ranged weapons and melee
   (+3).
   rPois:     It protects you from poison.
   rN:        It protects you from negative energy.
   rCorr:     It protects you from acid and corrosion.
 J - a +1 barding of stealth (worn)
 K - a +2 pair of gloves of stealth (worn)
 Y - the scarf "Kutett" (worn) {rC+ rF+, rElec Str+5 Int-4}
   (You found it in a Gauntlet)

   Str:       It affects your strength (+5).
   Int:       It affects your intelligence (-4).
   rElec:     It insulates you from electricity.
Jewellery
 f - a ring of fire
 E - a ring of poison resistance (left hand)
 F - a ring of willpower (right hand)
 M - a ring of protection from cold
 U - a ring of flight
 V - a ring of positive energy
 W - the amulet of Mistrust (around neck) {Acrobat rN++}
   (You bought it in a shop on level 2 of the Lair of Beasts)

   [amulet of the acrobat]

   It increases your evasion while moving and waiting.
   rN:        It greatly protects you from negative energy.
Wands
 z - a wand of flame (12)
 A - a wand of paralysis (18)
 I - a wand of polymorph (13)
 O - a wand of mindburst (9) (quivered)
 P - a wand of light (6)
 Q - a wand of roots (2)
Scrolls
 d - 3 scrolls of teleportation
 m - a scroll of fog
 p - a scroll of enchant weapon
 s - 3 scrolls of revelation
 t - 2 scrolls of fear
 u - 6 scrolls of immolation
 v - 5 scrolls of noise
 w - 2 scrolls of blinking
 y - a scroll of enchant armour
 D - a scroll of poison {unknown}
 G - a scroll of amnesia {unknown}
 R - a scroll of brand weapon {unknown}
 S - a scroll of butterflies
Potions
 e - 8 potions of heal wounds
 g - a potion of degeneration
 i - 3 potions of cancellation
 k - 2 potions of lignification
 n - 7 potions of brilliance
 q - 3 potions of enlightenment
 x - a potion of magic
 B - 3 potions of mutation
 H - 2 potions of curing
Miscellaneous
 h - a phantom mirror
 C - a piece from Xom's chessboard (15/15)


   Skills:
 + Level 10.1 Fighting
 + Level 13.8 Maces & Flails
 + Level 14.2 Armour
 - Level 7.1 Shields
 + Level 1.7 Evocations


You had 12 spell levels left.
You didn't know any spells.
Your spell library contained the following spells:

 Spells                   Type           Power      Damage    Failure   Level
 Apportation              Tloc           0%         N/A       99%         1
 Ensorcelled Hibernation  Hex/Ice        0%         N/A       100%        2
 Dazzling Flash           Conj/Hex       0%         N/A       100%        3
 Spider Form              Tmut/Pois      0%         N/A       100%        3
 Volatile Blastmotes      Fire/Tloc      0%         2d10      100%        3
 Anguish                  Hex/Necr       0%         N/A       100%        4
 Iskenderun's Mystic Bla  Conj/Tloc      0%         2d3       100%        4
 Alistair's Intoxication  Tmut/Pois      0%         N/A       100%        5
 Starburst                Conj/Fire      0%         6d3       100%        6


Dungeon Overview and Level Annotations

Branches:
Dungeon (12/15)            Temple (0/1) D:4            Lair (2/5) D:10
 Shoals (0/4) Lair:2          Orc (2/2) D:12            Elf (0/3) Orc:2
Ossuary (visited)         Gauntlet (visited)
  Snake: Lair:2-3    Spider: Lair:2-3

Altars:
Ashenzari
Gozag
Hepliaklqana
Kikubaaqudgha
Okawaru
Qazlal
Sif Muna
Uskayaw
The Shining One

Shops:
D:1 (   D:2 [   D:10 [   Orc:2 =   Lair:2 ==

Annotations:
D:6 1 runed translucent door, AwFulAwFulPlayer's ghost, novice DgHu
D:8 2 transporters, jasper's ghost, novice DgCj
D:10 2 runed translucent doors, rinse's ghost, journeyman OpMo
Lair:2 2 runed translucent doors, Wokir's ghost, journeyman DsEn


Innate Abilities, Weirdness & Mutations

You are completely covered in rugged brown scales. (AC +3, +7% HP)
Armour fits poorly on your strangely shaped body.
You have a long armoured tail.
You roll when moving toward enemies. (Rampage)
Your long tongue fully drains potion bottles. (2x potion effects)
Your tongue gives you trouble enunciating. (1.5x scroll delay)


Message History

You hit the orc knight but do no damage.
The orc knight is lightly wounded.
You block the orc knight's attack.
The orc warrior hits you from afar with a +0 glaive!
Unknown command.
Unknown command.
You thump the orc knight! You freeze the orc knight!
The orc knight is heavily wounded.
The orc knight completely misses you. You block the orc warrior's attack.
Unknown command.
You barely miss the orc knight.
The orc knight is heavily wounded.
The orc knight is distracted by your dazzling golden aura.
You block the orc warrior's attack.
The orc knight shouts!
Unknown command.
You closely miss the orc knight.
The orc knight is no longer distracted by gold.
You tail-slap the orc knight.
The orc knight is heavily wounded.
Unknown command.
You sock the orc knight! You freeze the orc knight.
The orc knight is severely wounded.
The orc knight hits you but does no damage.
The orc warrior barely misses you.
Unknown command.
You barely miss the orc knight.
You tail-slap the orc knight, but do no damage.
The orc knight is severely wounded.
The orc knight hits you with a +0 battleaxe!
* * * LOW HITPOINT WARNING * * *
You block the orc warrior's attack.
Unknown command.
You barely miss the orc knight.
The orc knight is severely wounded.
The orc knight hits you with a +0 battleaxe!!
* * * LOW HITPOINT WARNING * * *
The orc warrior hits you from afar with a +0 glaive!!
You die...
Your body crumbles into a pile of gold.

#####..o##oooo.#*,,,** **,,,,....
####...###8...8#**,,,***,,...,.##
####∩.####.....# **,∩*,,,......*#
##########...oo#######***#....###
#######.##....$......# *,,#......
######........)......##*,,,#.....
#######....#.#.#.o)...##*,*##....
**.#......###o$....##**#.....
*,.....#.###@$...<).#####....
**.#.##..,#.........#.#.)....
**#**##.##.............)....
*#.....[.............#
#...[..[.#........##.
#.....######.).).....
###.....#*#.......####.
#.....[###.......)).###
##...o$...#.........#*>


You could see an orc knight and an orc warrior (strong).

Vanquished Creatures
  An orc warlord (D:12)
  A minotaur (Gauntlet)
  Erica (Lair:2)
  A tengu warrior (Gauntlet)
  2 boulder beetles
  3 two-headed ogres (D:10)
  An orange crystal statue (Gauntlet)
  Lodul (D:11)
  Pikel (D:7)
  3 orc knights
  An orc sorcerer (Orc:2)
  Joseph (Lair:1)
  A gargoyle (D:12)
  A torpor snail (Lair:1)
  A cane toad (Lair:2)
  A rime drake (Lair:1)
  5 komodo dragons
  A tengu conjurer (Gauntlet)
  4 trolls
  A polar bear (Lair:2)
  Grinder (D:3)
  5 blink frogs (Lair:1)
  2 dream sheep (Lair:1)
  9 yaks
  A shadow (D:12)
  3 wyverns
  A basilisk (Lair:2)
  Grum (Lair:1)
  4 vampire mosquitoes
  Menkaure (Ossuary)
  2 steam dragons
  A two-headed ogre zombie (D:12)
  3 swamp worms (Gauntlet)
  2 acid dragons
  Duvessa (D:4)
  3 water moccasins
  21 orc warriors
  2 ice beasts (D:6)
  A sky beast (D:7)
  2 black bears (D:5)
  3 wolves (Lair:1)
  3 centaurs
  20 ogres
  2 phantoms
  2 kobold brigands
  4 scorpions
  9 bullfrogs
  2 gnoll sergeants
  A hornet simulacrum (D:11)
  23 wights
  Dowan (D:4)
  A howler monkey (D:9)
  14 killer bees
  A gnoll bouda (D:7)
  15 orc priests
  3 hounds
  3 jellies (D:6)
  Terence (D:3)
  Jessica (D:2)
  5 iguanas (D:6)
  24 orc wizards
  7 ogre zombies (D:12)
  3 mummies (Ossuary)
  17 gnolls
  4 adders
  2 shadow imps
  A white imp (D:6)
  3 worms
  59 orcs
  7 endoplasms
  7 giant cockroaches
  5 gnoll zombies (Ossuary)
  11 goblins
  6 hobgoblins
  3 jackals (D:3)
  16 kobolds
  2 ball pythons (D:4)
  4 bats
  2 frilled lizards
  4 gnoll skeletons (Ossuary)
  4 goblin skeletons
  9 goblin zombies
  11 hobgoblin skeletons
  3 hobgoblin zombies
  4 kobold skeletons (Ossuary)
  4 kobold zombies (Ossuary)
  10 orc skeletons
  14 orc zombies
  4 rats (D:1)
  2 rat skeletons (Ossuary)
  5 rat zombies (Ossuary)
469 creatures vanquished.

Vanquished Creatures (others)
  Psyche (D:11)
1 creature vanquished.

Grand Total: 470 creatures vanquished

Notes
Turn   | Place    | Note
-------+----------+-------------------------------------------
     0 | D:1      | olmar the Armataur Fighter began the quest for the Orb.
     0 | D:1      | Reached XP level 1. HP: 19/19 MP: 1/1
   137 | D:1      | Reached XP level 2. HP: 26/26 MP: 2/2
   341 | D:1      | Reached skill level 4 in Armour
   349 | D:1      | Found Xuivapleuh's Weapon Boutique.
   912 | D:2      | Noticed Jessica
   914 | D:2      | Reached XP level 3. HP: 33/33 MP: 3/3
   923 | D:2      | Killed Jessica
  1020 | D:2      | Found Semmaj's Antique Armour Boutique.
  1066 | D:2      | Reached XP level 4. HP: 26/40 MP: 4/4
  1355 | D:2      | Identified the +3 plate armour "Exys" {rPois rN+ rCorr
                  | Slay+3}
  1867 | D:3      | Noticed Grinder
  1945 | D:3      | Killed Grinder
  1946 | D:3      | Reached skill level 5 in Armour
  1946 | D:3      | Reached XP level 5. HP: 34/49 MP: 5/5
  1946 | D:3      | Reached XP level 6. HP: 38/55 MP: 6/6
  2143 | D:3      | Noticed Terence
  2151 | D:3      | Killed Terence
  2349 | D:3      | Found a faded altar of an unknown god.
  2903 | D:4      | Noticed Dowan
  2903 | D:4      | Noticed Duvessa
  2925 | D:4      | Killed Duvessa
  2929 | D:4      | Killed Dowan
  2930 | D:4      | Reached skill level 5 in Maces & Flails
  2930 | D:4      | Reached XP level 7. HP: 42/63 MP: 7/7
  3018 | D:4      | Found an opulent altar of Gozag.
  3131 | D:4      | Became a worshipper of Gozag Ym Sagoz the Greedy
  3758 | D:4      | Found a staircase to the Ecumenical Temple.
  3907 | D:5      | Entered Level 5 of the Dungeon
  4083 | D:5      | Reached skill level 6 in Armour
  4306 | D:5      | Found an ancient bone altar of Kikubaaqudgha.
  4486 | D:5      | Reached XP level 8. HP: 34/71 MP: 8/8
  5345 | D:6      | Reached skill level 7 in Armour
  5345 | D:6      | Reached skill level 5 in Shields
  5549 | D:6      | Reached skill level 5 in Fighting
  5823 | D:6      | Reached XP level 9. HP: 33/79 MP: 9/9
  5829 | D:6      | Found a runed translucent door.
  5830 | D:6      | Noticed AwFulAwFulPlayer's ghost (novice DgHu)
  5937 | D:2      | Bought a runed barding for 494 gold pieces
  6600 | D:7      | Found a sand-covered staircase.
  6608 | Ossuary  | Entered an ossuary
  6954 | Ossuary  | Noticed Menkaure
  6961 | Ossuary  | Killed Menkaure
  6962 | Ossuary  | Reached skill level 8 in Armour
  7899 | D:7      | Noticed Pikel
  7911 | D:7      | Killed Pikel
  8246 | D:8      | Reached skill level 9 in Armour
  8294 | D:8      | Reached XP level 10. HP: 54/89 MP: 10/10
  8547 | D:8      | Noticed jasper's ghost (novice DgCj)
  8628 | D:8      | Reached skill level 1 in Evocations
  9196 | D:8      | Identified the +7 great mace of Gloom {vamp, *Noise rN++
                  | rCorr MP+9}
  9197 | D:8      | Found a transporter.
  9197 | D:8      | Found a transporter.
  9219 | D:9      | Found a glowing golden altar of the Shining One.
  9219 | D:9      | Found a shimmering blue altar of Sif Muna.
  9223 | D:9      | Found a stormy altar of Qazlal.
  9223 | D:9      | Found a broken altar of Ashenzari.
  9223 | D:9      | Found a hide-covered altar of Uskayaw.
  9224 | D:9      | Found an iron altar of Okawaru.
  9406 | D:9      | Reached skill level 10 in Maces & Flails
  9935 | D:9      | Found a hazy altar of Hepliaklqana.
 10174 | D:10     | Entered Level 10 of the Dungeon
 10336 | D:10     | Reached skill level 10 in Armour
 10397 | D:10     | Found Ovvugg's Antique Armour Emporium.
 10402 | D:10     | Bought a pair of glowing gloves for 240 gold pieces
 10409 | D:10     | Found a runed translucent door.
 10409 | D:10     | Noticed a necromancer
 10474 | D:10     | Noticed rinse's ghost (journeyman OpMo)
 10475 | D:10     | Noticed a lich
 10476 | D:10     | Noticed a wolf spider
 10478 | D:10     | Noticed a five-headed hydra
 10478 | D:10     | Noticed an ogre mage
 10554 | D:10     | Noticed a two-headed ogre
 10563 | D:10     | Killed a two-headed ogre
 10604 | D:10     | Noticed a two-headed ogre
 10613 | D:10     | Killed a two-headed ogre
 10614 | D:10     | Reached XP level 11. HP: 86/99 MP: 11/11
 10671 | D:10     | Identified the +0 ring mail "Utiosk" {rC+ rCorr}
 10779 | D:10     | Noticed a two-headed ogre
 10781 | D:10     | Found a staircase to the Lair.
 10787 | D:10     | Killed a two-headed ogre
 11054 | D:10     | Found a runed translucent door.
 11759 | D:11     | Noticed Lodul
 11759 | D:11     | Noticed Psyche
 11900 | D:11     | Reached skill level 11 in Armour
 11960 | D:11     | Killed Psyche
 12327 | D:11     | Killed Lodul
 13100 | Lair:1   | Entered Level 1 of the Lair of Beasts
 13534 | Lair:1   | Noticed a boulder beetle
 13561 | Lair:1   | Killed a boulder beetle
 13562 | Lair:1   | Reached skill level 12 in Armour
 13754 | Lair:1   | Noticed Joseph
 13762 | Lair:1   | Killed Joseph
 13802 | Lair:1   | Noticed Grum
 13818 | Lair:1   | Killed Grum
 14443 | Lair:1   | Reached XP level 12. HP: 108/110 MP: 12/12
 14590 | Lair:2   | Found a large runed translucent door.
 14590 | Lair:2   | Found a large runed translucent door.
 14608 | Lair:2   | Noticed Erica
 14623 | Lair:2   | Killed Erica
 14903 | Lair:2   | Bought the amulet of Mistrust {Acrobat rN++} for 570 gold
                  | pieces
 15146 | Lair:2   | Found a staircase to the Shoals.
 15184 | Lair:2   | Noticed Wokir's ghost (journeyman DsEn)
 15216 | Lair:2   | Noticed a death yak
 15217 | Lair:2   | Noticed a death yak
 15217 | Lair:2   | Noticed a death yak
 15218 | Lair:2   | Noticed a death yak
 15447 | D:12     | Noticed a boulder beetle
 15467 | D:12     | Killed a boulder beetle
 15874 | D:12     | Reached skill level 13 in Armour
 15995 | D:12     | Found a staircase to the Orcish Mines.
 16695 | Orc:1    | Entered Level 1 of the Orcish Mines
 16702 | Orc:1    | Noticed an orc warlord
 16719 | D:12     | Killed an orc warlord
 17020 | Orc:2    | Entered Level 2 of the Orcish Mines
 17184 | Orc:2    | Noticed an orc high priest
 17204 | Orc:2    | Found Pore's Jewellery Shop.
 17223 | Orc:2    | Noticed an orc warlord
 17291 | Orc:2    | Found a gate leading to a gauntlet.
 17296 | Gauntlet | Entered a Gauntlet
 17296 | Gauntlet | Found a transporter.
 17306 | Gauntlet | Noticed a tengu warrior
 17398 | Gauntlet | Found a large runed translucent door.
 17400 | Gauntlet | Found a large runed translucent door.
 17401 | Gauntlet | Found a large runed translucent door.
 17401 | Gauntlet | Found a large runed translucent door.
 17401 | Gauntlet | Found a runed translucent door.
 17401 | Gauntlet | Found a runed translucent door.
 17402 | Gauntlet | Found a large runed translucent door.
 17403 | Gauntlet | Found a large runed translucent door.
 17404 | Gauntlet | Found a large runed translucent door.
 17404 | Gauntlet | Found a large runed translucent door.
 17404 | Gauntlet | Found a large runed translucent door.
 17404 | Gauntlet | Found a large runed translucent door.
 17404 | Gauntlet | Found a large runed translucent door.
 17404 | Gauntlet | Found a large runed translucent door.
 17405 | Gauntlet | Found a runed translucent gate.
 17405 | Gauntlet | Found a runed translucent gate.
 17405 | Gauntlet | Found a runed translucent gate.
 17407 | Gauntlet | Found a transporter.
 17417 | Gauntlet | Found a large runed translucent door.
 17418 | Gauntlet | Found a large runed translucent door.
 17422 | Gauntlet | Found a transporter.
 17470 | Gauntlet | Found a transporter.
 17485 | Gauntlet | Found a transporter.
 17485 | Gauntlet | Noticed a reaper
 17504 | Gauntlet | Found a transporter.
 17514 | Gauntlet | Noticed a hell beast
 17516 | Gauntlet | Found a transporter.
 17525 | Gauntlet | Noticed a hell beast
 17528 | Gauntlet | Found a transporter.
 17540 | Gauntlet | Found a transporter.
 17552 | Gauntlet | Found a transporter.
 17565 | Gauntlet | Found a transporter.
 17565 | Gauntlet | Found a transporter.
 17617 | Gauntlet | Found a transporter.
 17646 | Gauntlet | Found a transporter.
 17646 | Gauntlet | Found a transporter.
 17648 | Gauntlet | Found a transporter.
 17675 | Gauntlet | Found a large runed translucent door.
 17676 | Gauntlet | Found a large runed translucent door.
 17678 | Gauntlet | Found a transporter.
 17680 | Gauntlet | Found a transporter.
 17721 | Gauntlet | Killed a tengu warrior
 17866 | Gauntlet | Identified the scarf "Kutett" {rC+ rF+, rElec Str+5 Int-4}
 17957 | Gauntlet | Noticed a minotaur
 17965 | Gauntlet | Killed a minotaur
 17999 | Gauntlet | Identified the +1 plate armour "Netiz" {Int+2}
 18033 | Orc:2    | Reached skill level 14 in Armour
 18213 | Orc:2    | Reached XP level 13. HP: 77/120 MP: 13/13
 18230 | Orc:2    | Reached skill level 10 in Fighting
 18436 | Orc:2    | Mangled by an orc warrior

Illustrated notes

Levels and vault maps discovered:
D:1:      dpeg_arrival_prison, layout_basic, serial_shops, shop
D:2:      layout_basic, serial_shops, shop, minmay_gold_behind_fungi,
          minmay_misc_feat_nine_boxes, minmay_misc_feat_columns,
          chequers_serial_rivers_micro_c, uniq_jessica
D:3:      layout_basic, shapermc_ecumenical_altar_mp_highgroup, uniq_grinder,
          uniq_terence
D:4:      layout_basic, grunt_gozag_breadcrumbs,
          minmay_temple_entry_butterflies, uniq_duvessa
D:5:      layout_cave_pods, mainiacjoe_overflow_small_starburst
D:6:      minmay_diamond_boxcup, layout_loops_ring, gammafunk_ghost_grave,
          serial_bayou_pond_d
D:7:      layout_basic, lightli_ossuary_entry_decrepit_ruins, uniq_pikel
D:8:      layout_rooms, gammafunk_ghost_smash, kennysheep_boxes
D:9:      layout_loops_ring, grunt_temple_overflow_open,
          nzn_hepliaklqana_mist_gate
D:10:     layout_basic, dpeg_oklobed_lair, muffindrake_ghost_dual_entry,
          serial_shops, kennysheep_little_box
D:11:     layout_grid_maze, serial_rivers, chequers_serial_rivers_large_a,
          chequers_serial_rivers_micro_e, chequers_serial_rivers_micro_d,
          chequers_serial_rivers_room_b, chequers_serial_rivers_micro_e,
          uniq_psyche, uniq_lodul
D:12:     layout_basic, zombieorc2_lemuel, roderic_lattice_a
Lair:1:   layout_cave_pods, lemuel_fruit_fields, infiniplex_staircase_pool_2,
          grunt_megastairs_2, lemuel_fruit_fields, uniq_grum, uniq_joseph
Lair:2:   layout_small_grid, elwin_shoals_entry_rocks,
          spider_nest_entry_funnel_web, ebering_ghost_disaster_area,
          st_stairs_3, uniq_erica
Orc:1:    layout_diamond_mine, uniq_jorgrun
Orc:2:    grunt_orc_cross, layout_diamond_mine, gauntlet_entry_generic

Skill      XL: |  1  2  3  4  5  6  7  8  9 10 11 12 13 |
---------------+----------------------------------------+-----
Fighting       | 3 4 5 6 7 8 9 10 | 10.1
Armour         | 4 5 6 7 9 10 12 14 | 14.2
Maces & Flails | 2 4 5 6 7 9 11 12 13 | 13.8
Shields        | 4 5 6 7 |  7.1
Evocations     | 1 |  1.7

Action                     |  1- 3 |  4- 6 |  7- 9 | 10-12 | 13-15 || total
---------------------------+-------+-------+-------+-------+-------++-------
  Melee: Flail             |    87 |   128 |   382 |   850 |    54 ||  1501
         Tailslap          |    11 |    18 |    59 |   139 |    12 ||   239
  Throw: Dart              |       |       |     5 |     7 |       ||    12
 Invoke: Call Merchant     |       |       |       |     2 |       ||     2
         Potion Petition   |       |       |       |     1 |       ||     1
  Evoke: Wand              |       |     1 |     9 |     8 |     1 ||    19
    Use: Scroll            |       |     2 |     9 |    14 |       ||    25
         Potion            |       |     2 |       |     5 |       ||     7
   Stab: Paralysed         |       |     3 |     2 |    13 |       ||    18
         Invisible         |       |       |       |    21 |       ||    21
         Distracted        |       |       |       |     2 |       ||     2
 Armour: Scale mail        |    46 |     4 |       |       |       ||    50
         Plate armour      |       |    72 |   216 |   504 |     9 ||   801
  Dodge: Dodged            |    35 |    35 |    57 |   119 |     9 ||   255
         Repelled          |       |       |       |     2 |       ||     2
  Block: Buckler           |    13 |    28 |    48 |   138 |       ||   227
         Kite shield       |       |       |       |    30 |    24 ||    54
         Reflection        |       |       |       |       |     1 ||     1

Table legend: (Time is in decaauts)
 A = Elapsed time spent in this place.
 B = Non-inter-level travel time spent in this place.
 C = Inter-level travel time spent in this place.
 D = Time resting spent in this place.
 E = Time spent auto-exploring this place.
 F = Levels seen in this place.
 G = Mean time per level.
                   A        B        C        D        E       F      G
               +--------+--------+--------+--------+--------+-----+--------+
         Total |  18382 |  17570 |    812 |   1628 |  12658 |  18 | 1021.2 |
       Dungeon |  13865 |  13142 |    723 |    489 |  10553 |  12 | 1155.4 |
          Lair |   2260 |   2181 |     79 |    493 |   1432 |   2 | 1130.0 |
  Orcish Mines |    908 |    898 |     10 |    262 |    296 |   2 |  454.0 |
       Ossuary |    642 |    642 |      0 |    175 |    278 |   1 |  642.0 |
      Gauntlet |    705 |    705 |      0 |    208 |     99 |   1 |  705.0 |
               +--------+--------+--------+--------+--------+-----+--------+

Top non-repeatable levels by time:
    D:11: 1708 daAuts
  Lair:1: 1448 daAuts
     D:4: 1367 daAuts
    D:12: 1297 daAuts
     D:6: 1271 daAuts
     D:7: 1271 daAuts
    D:10: 1251 daAuts
     D:8: 1027 daAuts
     D:2: 1014 daAuts
     D:5: 997 daAuts
     D:9: 944 daAuts
     D:1: 874 daAuts
     D:3: 840 daAuts
  Lair:2: 812 daAuts
Gauntlet: 705 daAuts
